 Dungeon Sprint DCSS version 0.27-a0-1139-g28e009f8a6 (webtiles) character file.

Game seed: 12664074491669513583

6795 Zeld the Arsonist (level 11, -9/78 HPs)
             Began as an Octopode Fire Elementalist on May 7, 2021.
             Was a High Priest of Sif Muna.
             Killed from afar by a crystal guardian (15 damage)
             ... with a crystal bolt
             ... in the Dungeon (Sprint V: "Ziggurat Sprint").
             The game lasted 00:05:17 (3158 turns).

Zeld the Arsonist (Octopode Fire Elementalist)      Turns: 3158, Time: 00:05:17

Health: -9/78      AC:  1    Str:  7    XL:     11   Next: 5%
Magic:  13/24      EV: 17    Int: 33    God:    Sif Muna [*****.]
Gold:   0          SH:  0    Dex: 13    Spells: 2/28 levels left

rFire    + . .     SeeInvis .   E - staff of fire
rCold    + + .     Faith    .   (no shield)
rNeg     + . .     Spirit   .   (helmet restricted)
rPois    +         Reflect  .   F - amulet of regeneration
rElec    .         Harm     .   v - +6 ring of intelligence
rCorr    .         Rampage  .   u - +6 ring of intelligence
Will     .....     NoTele   +   p - ring of protection from cold
Stlth    +++.......             x - ring of poison resistance
HPRegen  1.23/turn              y - ring of protection from cold
MPRegen  0.19/turn              I - ring of positive energy
                                (no ring)
                                (no ring)

@: channeling, very slightly contaminated
A: almost no armour, amphibious, 8 rings, camouflage 1, gelatinous body 1,
(nimble swimmer 1), tentacles
a: Renounce Religion, Channel Magic, Forget Spell, Divine Exegesis


You were in the Dungeon.
You worshipped Sif Muna.
Sif Muna was extremely pleased with you.
You visited 1 branch

Inventory:

Armour
 a - a +3 tower shield
Magical Staves
 E - a staff of fire (weapon)
Jewellery
 p - a ring of protection from cold (on tentacle)
 u - a +6 ring of intelligence (right tentacle)
 v - a +6 ring of intelligence (left tentacle)
 x - a ring of poison resistance (on tentacle)
 y - a ring of protection from cold (on tentacle)
 C - a ring of wizardry
 F - an amulet of regeneration (around mantle)
 I - a ring of positive energy (on tentacle)
Wands
 r - a wand of mindburst (7)
 s - a wand of iceblast (7)
 t - a wand of acid (7)
Scrolls
 h - 4 scrolls of amnesia
 i - 7 scrolls of fog
 j - a scroll of holy word
 k - 5 scrolls of identify
 l - 2 scrolls of fear
 J - a scroll of brand weapon
Potions
 b - 9 potions of curing
 c - 9 potions of heal wounds
 d - 6 potions of haste
 e - 7 potions of magic
 f - 3 potions of berserk rage
 m - 2 potions of brilliance
 n - 2 potions of invisibility
 o - 4 potions of resistance
 q - 5 potions of might
Miscellaneous
 w - a lightning rod (4/4)
 z - a lightning rod (4/4)
 A - a piece from Xom's chessboard (15/15)
 B - a piece from Xom's chessboard (15/15)
 D - a piece from Xom's chessboard (15/15)
 G - a box of beasts
 H - a tin of tremorstones (2/2)
 K - a condenser vane
 L - a piece from Xom's chessboard (15/15)


   Skills:
 + Level 8.9 Fighting
 + Level 9.3 Dodging
 - Level 2.6 Stealth
 + Level 9.1 Spellcasting
 + Level 9.8 Conjurations
 * Level 13.7 Fire Magic
 * Level 13.5 Invocations


You had 2 spell levels left.
You knew the following spells:

 Your Spells              Type           Power      Damage    Failure   Level
a - Foxfire               Conj/Fire      100%       2x1d9     1%          1
b - Conjure Flame         Conj/Fire      96%        6-21      1%          3
c - Sticky Flame          Conj/Fire      96%        2d11      1%          4
d - Fireball              Conj/Fire      48%        3d19      1%          5
e - Bolt of Magma         Conj/Fire/Erth 39%        4d17      3%          5
f - Ignition              Fire           51%        3d14      58%         8

Your spell library contained the following spells:

 Spells                   Type           Power      Damage    Failure   Level
 Shock                    Conj/Air       100%       1d9       1%          1
 Static Discharge         Conj/Air       47%        N/A       1%          2
 Animate Skeleton         Necr           30%        N/A       3%          1
 Apportation              Tloc           30%        N/A       3%          1
 Corona                   Hex            16%        N/A       3%          1
 Summon Small Mammal      Summ           60%        N/A       3%          1
 Ensorcelled Hibernation  Hex/Ice        30%        N/A       4%          2
 Passwall                 Tmut/Erth      12%        N/A       4%          2
 Dazzling Flash           Conj/Hex       94%        N/A       1%          3
 Inner Flame              Hex/Fire       74%        N/A       1%          3
 Fulminant Prism          Conj/Hex       23%        3d13      4%          4
 Iskenderun's Mystic Bla  Conj/Tloc      47%        2d10      4%          4
 Confusing Touch          Hex            15%        N/A       10%         3
 Frozen Ramparts          Ice            30%        1d5       10%         3
 Swiftness                Air            15%        N/A       10%         3
 Tukima's Dance           Hex            15%        N/A       10%         3
 Lightning Bolt           Conj/Air       23%        1d39      12%         5
 Airstrike                Air            7%         N/A       30%         4
 Ice Form                 Ice/Tmut       15%        N/A       30%         4
 Conjure Ball Lightning   Conj/Air       23%        3x3d6     54%         6
 Iron Shot                Conj/Erth      23%        9d5       54%         6
 Summon Forest            Summ/Tloc      7%         N/A       65%         5
 Spellforged Servitor     Conj/Summ      23%        N/A       98%         7
 Statue Form              Tmut/Erth      10%        N/A       99%         6
 Shatter                  Erth           7%         3d10*     100%        9
 Tornado                  Air            7%         N/A       100%        9


Dungeon Overview and Level Annotations

Branches:
Dungeon (1/1)

Altars:
Ashenzari
Cheibriados
Dithmenos
Elyvilon
Fedhas
Gozag
Hepliaklqana
Kikubaaqudgha
Makhleb
Nemelex Xobeh
Okawaru
Qazlal
Ru
Sif Muna
Trog
Uskayaw
Vehumet
Wu Jian
Xom
Yredelemnul
Zin
The Shining One
Beogh
Jiyva
Lugonu

Annotations:
D 1 transporter


Innate Abilities, Weirdness & Mutations

You cannot wear most types of armour.
You are amphibious.
You can wear up to eight rings at the same time.
Your skin changes colour to match your surroundings (Stealth+).
Your rubbery body absorbs attacks. (AC +1, EV +1)
((You are camouflaged near water. (Stealth+)))
You have tentacles for arms and can constrict up to eight enemies at once.


Message History

The fireball engulfs the iron dragon!
The iron dragon resists.
The iron dragon is almost dead.
The fireball engulfs the iron golem.
The iron golem completely resists.
The fireball engulfs the iron golem.
The iron golem completely resists.
The fireball engulfs the quicksilver dragon!
The quicksilver dragon is almost dead.
The fireball engulfs the crystal guardian.
The crystal guardian completely resists.
The fireball engulfs the earth elemental.
The earth elemental completely resists.
The fireball engulfs the quicksilver dragon!!
You kill the quicksilver dragon!
Sif Muna accepts your kill.
Your Dodging skill increases to level 9!
Your Spellcasting skill increases to level 9!
Your Invocations skill increases to level 13!
You have reached level 11!
Unknown command.
Press: ? - help, v - describe, . - travel
Here: an iron golem The floor.
Press: ? - help, v - describe, . - travel A transporter landing site.
Blink to where?
Press: ? - help, Dir - move target
As you read the scroll of blinking, it crumbles to dust.
The iron golem hits you!!
* * * LOW HITPOINT WARNING * * *
Found five items.
Found a transporter.
Unknown command.
Press: ? - help, v - describe, . - travel, g - get item Item here: the Papyrus of the Earthen Compass.
The floor, spattered with blood.
Unknown command.
Blink to where?
Press: ? - help, Dir - move target
As you read the scroll of blinking, it crumbles to dust.
The crystal guardian fires a crystalline bolt at you.
The crystal bolt burns you! You resist.
You die...

▓....|)...▓..)))..▓
▓...÷.....▓....)..▓
▓...).....▓...)...▓
▓....)....▓.......▓
▓.........▓.......▓
▓....)....▓.▓...▓.▓
▓....©....▓...©...▓
▓▓▓▓▓▓▓▓▓▓▓▓▓▓▓▓▓▓▓▓▓
▓...8@8...▓...8©8...▓
▓..)[)}[..▓..[)|....▓
▓..)}§[|..▓....||...▓
▓...8E8...▓....÷....▓
▓....8D...▓..÷......▓
▓...8.8†..▓....÷....▓
▓....8....▓....÷÷...▓
▓....8....▓.▓..÷..▓.▓
▓.▓.....▓.▓....©....▓


You could see 5 iron golems, an iron dragon, 2 crystal guardians and an earth
elemental.

Vanquished Creatures
  A quicksilver dragon (D)
  2 black mambas (D)
  An ancient zyme (D)
  A jumping spider (D)
  A hornet (D)
  A slime creature (D)
  A large abomination (D)
  6 spriggans (D)
  A yak (D)
  3 water moccasins (D)
  A floating eye (D)
  2 orc warriors (D)
  7 black bears (D)
  2 wolves (D)
  A bullfrog (D)
  2 scorpions (D)
  A crimson imp (D)
  3 jellies (D)
  2 quasits (D)
  An iron imp (D)
  An iguana (D)
  2 orc wizards (D)
  An adder (D)
  A river rat (D)
  3 ufetubi (D)
  2 orcs (D)
  5 ball pythons (D)
  An endoplasm (D)
56 creatures vanquished.

Vanquished Creatures (others)
  12 foxfires (D)
12 creatures vanquished.

Grand Total: 68 creatures vanquished

Notes
Turn   | Place    | Note
-------+----------+-------------------------------------------
     0 | D        | Zeld the Octopode Fire Elementalist began the quest for the
                  | Orb.
     0 | D        | Reached XP level 1. HP: 11/11 MP: 3/3
     2 | D        | Found a blossoming altar of Fedhas.
     3 | D        | Found the +6 Majin-Bo {vamp, MP+6 Int+6}
     3 | D        | Found the +9 heavy crossbow "Sniper" {vorpal, Acc+∞ SInv}
     3 | D        | Found the +10 dark maul {vorpal}
     3 | D        | Found the +15 Maxwell's patent armour {-Cast -Tele rElec
                  | Will+ rCorr}
     3 | D        | Found the +18 shield of the Gong {rElec rN+ Will+ EV-5}
     3 | D        | Found the +14 obsidian axe {vorpal, Drain Fly SInv}
     3 | D        | Found the +7 great mace "Firestarter" {inner flame, rF++}
     3 | D        | Found the +6 shillelagh "Devastator" {shatter}
     3 | D        | Found the +11 plutonium sword {Contam Stlth-}
     3 | D        | Found the +8 lance "Wyrmbane" {slay drac, rPois rF+ rC+
                  | AC+3}
     3 | D        | Found the +9 sword of Zonguldrok {reap}
     3 | D        | Found the +13 scythe of Curses {drain, Drain}
     3 | D        | Found the +5 sword of Power {vorpal}
     3 | D        | Found the +7 mace of Variability {chain chaos}
     3 | D        | Found the +7 Singing Sword {vorpal, sonic wave}
     3 | D        | Found the +8 storm bow {elec, penet}
     3 | D        | Found a viscous altar of Jiyva.
     3 | D        | Found a hazy altar of Hepliaklqana.
     3 | D        | Found a transporter.
     3 | D        | Found an opulent altar of Gozag.
     3 | D        | Found an ancient bone altar of Kikubaaqudgha.
     3 | D        | Found a corrupted altar of Lugonu.
    18 | D        | Found a burning altar of Makhleb.
    19 | D        | Found a sacrificial altar of Ru.
    19 | D        | Found a shimmering blue altar of Sif Muna.
    19 | D        | Found a stormy altar of Qazlal.
    19 | D        | Found a bloodstained altar of Trog.
    19 | D        | Found an iron altar of Okawaru.
    19 | D        | Found a sparkling altar of Nemelex Xobeh.
    46 | D        | Became a worshipper of Sif Muna the Loreminder
    49 | D        | Reached XP level 2. HP: 17/17 MP: 3/6
   136 | D        | Entered arena 2.
   136 | D        | Noticed a water moccasin
   136 | D        | Found a transporter.
   143 | D        | Killed a water moccasin
   144 | D        | Reached XP level 3. HP: 4/24 MP: 3/9
   144 | D        | Reached XP level 4. HP: 5/29 MP: 3/10
   144 | D        | Reached XP level 5. HP: 6/34 MP: 3/11
   315 | D        | Learned a level 3 spell: Conjure Flame
   320 | D        | Learned a level 4 spell: Sticky Flame
   326 | D        | Learned a level 5 spell: Fireball
   428 | D        | Entered arena 3.
   428 | D        | Noticed a jumping spider
   428 | D        | Found a transporter.
   429 | D        | Reached * piety under Sif Muna
   430 | D        | Reached skill level 5 in Spellcasting
   430 | D        | Reached skill level 5 in Conjurations
   430 | D        | Reached skill level 5 in Invocations
   430 | D        | Reached XP level 6. HP: 42/42 MP: 6/13
   430 | D        | Killed a jumping spider
   431 | D        | Reached XP level 7. HP: 48/48 MP: 1/15
   745 | D        | Entered arena 4.
   745 | D        | Noticed an ancient zyme
   745 | D        | Found a transporter.
   747 | D        | Reached ** piety under Sif Muna
   754 | D        | Killed an ancient zyme
   755 | D        | Reached skill level 5 in Fighting
   755 | D        | Reached skill level 5 in Dodging
  1031 | D        | Entered arena 5.
  1031 | D        | Noticed a yak
  1031 | D        | Found a transporter.
  1033 | D        | Killed a yak
  1033 | D        | Reached *** piety under Sif Muna
  1034 | D        | Reached skill level 10 in Fire Magic
  1034 | D        | Reached XP level 8. HP: 55/55 MP: 6/17
  1291 | D        | Entered arena 6.
  1291 | D        | Noticed a large abomination
  1291 | D        | Found a transporter.
  1293 | D        | Reached **** piety under Sif Muna
  1305 | D        | Killed a large abomination
  1474 | D        | Entered arena 7.
  1474 | D        | Noticed a slime creature
  1475 | D        | Found the +8 Wrath of Trog {antimagic, *Rage}
  1475 | D        | Reached ***** piety under Sif Muna
  1476 | D        | Identified Amofu's Compendium of the Freezing Mountains
                  | (Sif Muna gifted it to you in the Dungeon)
  1476 | D        | Received a gift from Sif Muna
  1480 | D        | Killed a slime creature
  1481 | D        | Reached skill level 10 in Invocations
  1490 | D        | Learned a level 5 spell: Bolt of Magma
  1719 | D        | Found a transporter.
  1846 | D        | Got the Catalogue of Confrontation
  1995 | D        | Entered arena 8.
  1996 | D        | Found the +3 sling "Punk" {acid, rCorr}
  1999 | D        | Reached XP level 9. HP: 63/63 MP: 3/19
  2001 | D        | Found a transporter.
  2357 | D        | Entered arena 9.
  2357 | D        | Noticed a spriggan rider
  2358 | D        | Found the +6 lightning scales {swift rElec}
  2358 | D        | Received a gift from Sif Muna
  2360 | D        | Killed a spriggan rider
  2360 | D        | Killed a hornet
  2364 | D        | Received a gift from Sif Muna
  2368 | D        | Found a transporter.
  2590 | D        | Entered arena 10.
  2591 | D        | Identified the amulet "Robaon" {Spirit -Tele Str+4 Dex+3}
  2592 | D        | Reached XP level 10. HP: 71/71 MP: 16/22
  2600 | D        | Found a transporter.
  2816 | D        | Entered arena 11.
  2816 | D        | Noticed a black mamba
  2816 | D        | Noticed a black mamba
  2817 | D        | Identified Sif Muna's Reference Book on Supportive
                  | Confrontation (Sif Muna gifted it to you in the Dungeon)
  2817 | D        | Received a gift from Sif Muna
  2818 | D        | Reached ****** piety under Sif Muna
  2819 | D        | Killed a black mamba
  2819 | D        | Killed a black mamba
  2822 | D        | Found a transporter.
  2836 | D        | Learned a level 8 spell: Ignition
  3150 | D        | Entered arena 12.
  3150 | D        | Noticed an iron golem
  3150 | D        | Noticed an iron golem
  3150 | D        | Noticed an iron dragon
  3150 | D        | Noticed a crystal guardian
  3150 | D        | Noticed an iron golem
  3153 | D        | Noticed a quicksilver dragon
  3153 | D        | Noticed an iron golem
  3154 | D        | Noticed a crystal guardian
  3155 | D        | Noticed an iron golem
  3156 | D        | Killed a quicksilver dragon
  3157 | D        | Reached XP level 11. HP: 29/78 MP: 5/24
  3157 | D        | Found a transporter.
  3158 | D        | Found the +3 pair of gauntlets of War {Slay+5}
  3158 | D        | Killed from afar by a crystal guardian

Illustrated notes

Levels and vault maps discovered:
D:        sprint_v [room_start, room_1, room_2, room_3, room_4, room_5, room_6,
          room_7, room_8, room_9, room_10, room_11, room_12, room_13, room_14,
          room_15, room_16, room_17, room_18, room_19, room_20, room_21,
          room_22, room_23, room_24, room_25, room_26, room_27]

Skill      XL: |  1  2  3  4  5  6  7  8  9 10 |
---------------+-------------------------------+-----
Spellcasting   | 3 4 5 6 7 8 9 |  9.1
Conjurations   | 3 4 5 6 7 8 9 |  9.8
Fire Magic     | 6 7 8 9 10 11 12 13 | 13.7
Fighting       | 2 3 4 5 6 7 8 |  8.9
Dodging        | 3 4 5 6 8 9 |  9.3
Invocations    | 4 5 6 8 10 11 13 | 13.5
Stealth        | |  2.6

Action                   |  1- 3 |  4- 6 |  7- 9 | 10-12 || total
-------------------------+-------+-------+-------+-------++-------
Melee: Unarmed           |       |       |     4 |       ||     4
       Constrict         |       |       |     1 |     1 ||     2
       Staff             |       |       |       |     4 ||     4
       Tentacles         |       |       |       |     2 ||     2
 Cast: Foxfire           |     3 |       |     3 |     1 ||     7
       Fireball          |       |     2 |    22 |     7 ||    31
       Bolt of Magma     |       |       |     3 |       ||     3
       Ignition          |       |       |       |     2 ||     2
Invok: Channel Magic     |       |       |     3 |     1 ||     4
       Divine Exegesis   |       |       |       |     2 ||     2
Evoke: Lightning rod     |     2 |       |     7 |       ||     9
  Use: Potion            |     2 |     1 |       |       ||     3
       Scroll            |     1 |       |     1 |     2 ||     4
Armor: Skin              |       |       |     1 |       ||     1
Dodge: Dodged            |     3 |       |    11 |     3 ||    17

Table legend: (Time is in decaauts)
 A = Elapsed time spent in this place.
 B = Non-inter-level travel time spent in this place.
 C = Inter-level travel time spent in this place.
 D = Time resting spent in this place.
 E = Time spent auto-exploring this place.
 F = Levels seen in this place.
 G = Mean time per level.
                   A        B        C        D        E       F      G
               +--------+--------+--------+--------+--------+-----+--------+
         Total |   3155 |   3154 |      1 |   2838 |     16 |   1 | 3155.0 |
       Dungeon |   3155 |   3154 |      1 |   2838 |     16 |   1 | 3155.0 |
               +--------+--------+--------+--------+--------+-----+--------+

Top non-repeatable levels by time:
       D: 3155 daAuts
